AoeStats
← Gesius

African Clearing

510814656Analyzed
3v3 RM · 1d ago on Oct 2, 2026· 33m 22s· 6 players
Game mode
Random Map
Map size
Normal (6 player)
Population
200
Speed
Normal
Resources
Standard
Victory
Conquest
Starting age
Dark Age
Ending age
Imperial Age
RankedLock teamsTeams togetherTeam positionsShared explorationLock speedFull tech treeHidden civsTurbo modeCheats
Victory
Defeat
🇭🇺 Goths · Hungary
1442
+21
🇺🇸 Saracens · United States
1437
+21
🇵🇪 Celts · Peru
1423
+22
🇭🇺 Tatars · Hungary
1621
-23
🇭🇺 Dravidians · Hungary
1553
-23
🇭🇺 Byzantines · Hungary
1507
-20
Gesius
4:56 Loom
13:54 Feudal Age
17:22 Castle Age
16:06 Double-Bit Axe
35:13 Imperial Age
Comend x comend
6:00 Loom
16:09 Feudal Age
16:28 Man-at-Arms
16:54 Arson
24:58 Castle Age
23:22 Gold Mining
23:33 Double-Bit Axe
23:58 Scale Mail Armor
25:05 Pikeman
25:31 Gambesons
25:06 Long Swordsman
huninter
4:44 Loom
14:05 Feudal Age
20:45 Castle Age
21:31 Double-Bit Axe
22:54 Bow Saw
28:00 Scale Mail Armor
30:14 Chain Mail Armor
32:16 Forging
32:08 Squires
2EZ.SagittariusA
8:12 Loom
10:54 Feudal Age
11:29 Double-Bit Axe
22:44 Castle Age
23:33 Fletching
23:44 Padded Archer Armor
24:52 Bodkin Arrow
erika
10:44 Loom
12:30 Feudal Age
17:44 Fletching
18:47 Padded Archer Armor
21:15 Horse Collar
28:08 Castle Age
28:11 Crossbowman
29:17 Bodkin Arrow
32:01 Leather Archer Armor
trombi
13:37 Feudal Age
13:41 Loom
17:07 Castle Age
16:19 Fletching
17:58 Bodkin Arrow
19:18 Crossbowman
21:16 Fishing Lines
26:07 Town Watch
26:31 Gillnets
32:39 Horse Collar
Connection lost

Rejoining the realm…

Still unreachable

The connection could not be restored.

Session expired

The server has moved on; the page needs a fresh start.